Map: Cosmic Sapphire

Players

llllllllllll - Winner!

  • Race: Terran Terran
  • League: Master
  • Spawn Location: 11:00

IlIlIlIlIlIl

  • Race: Protoss Protoss
  • League: Master
  • Spawn Location: 5:00

VOD

Have the link to the VOD?

Description

Time

  • Played on: Oct. 16, 2022, 1:50 p.m.
  • Length: 9:29
Show
View Real Time Build Order
Export as new Build Order

llllllllllll Terran - Winner!

Build Orders: 2 Factory, Cyclone Opening 

Get SALT Encoding   

  12  0:00  SCV  
  13  0:12  SCV  
  14  0:18  Supply Depot  
  14  0:24  SCV  
  15  0:29  Refinery  
  15  0:39  SCV  
  16  0:44  Barracks  
  16  0:51  SCV  
  16  0:54  Refinery  
  17  1:04  SCV  
  18  1:16  SCV  
  19  1:31  Orbital Command, Reaper  
  20  1:35  Factory  
  20  1:44  Supply Depot  
  20  1:57  SCV  
  21  2:03  Barracks Tech Lab  
  21  2:09  SCV  
  22  2:21  SCV  
  23  2:27  Cyclone, Mag-Field Accelerator  
  26  2:33  SCV  
  27  2:46  Command Center  
  27  2:48  SCV  
  28  2:54  Supply Depot  
  28  3:02  Cyclone  
  31  3:15  SCV  
  32  3:27  SCV  
  32  3:28  Factory  
  32  3:29  Factory  
  33  3:35  Cyclone  
  33  3:40  SCV  
  37  3:52  SCV  
  38  3:57  Refinery  
  38  4:00  Orbital Command  
  38  4:04  SCV  
  39  4:10  Cyclone  
  39  4:16  SCV  
  42  4:22  Factory Reactor, Factory Tech Lab  
  42  4:26  SCV  
  42  4:28  SCV  
  44  4:34  Supply Depot  
  44  4:38  SCV  
  45  4:40  SCV, Cyclone  
  45  4:42  Cyclone  
  52  4:47  Supply Depot  
  52  4:50  SCV  
  52  4:52  SCV  
  54  4:53  Armory  
  54  4:59  Widow Mine x2  
  58  5:02  SCV  
  58  5:04  SCV  
  60  5:10  Supply Depot  
  59  5:16  Cyclone  
  59  5:19  Cyclone  
  65  5:22  SCV  
  65  5:24  Widow Mine  
  65  5:26  Widow Mine  
  70  5:31  SCV  
  70  5:33  Supply Depot  
  70  5:35  Supply Depot  
  71  5:37  SCV  
  72  5:43  SCV  
  72  5:45  Widow Mine  
  72  5:48  Widow Mine  
  77  5:54  SCV  
  77  5:55  SCV, Cyclone  
  77  5:56  Supply Depot  
  82  6:02  Cyclone  
  85  6:07  Widow Mine  
  85  6:08  Supply Depot  
  85  6:10  Widow Mine  
  89  6:11  SCV  
  89  6:12  SCV  
  91  6:18  Drilling Claws  
  91  6:20  Supply Depot  
  91  6:25  SCV x2, Refinery  
  92  6:29  Widow Mine  
  92  6:31  Widow Mine  
  97  6:33  Cyclone  
  97  6:36  Supply Depot  
  100  6:41  Cyclone  
  100  6:46  SCV  
  104  6:49  Supply Depot  
  104  6:50  Widow Mine  
  104  6:51  SCV  
  107  6:57  Supply Depot  
  107  6:58  SCV  
  108  7:05  Cyclone  
  111  7:14  Cyclone  
  107  7:16  Widow Mine x2  
  107  7:20  SCV  
  107  7:34  SCV  
  108  7:42  Cyclone  
  107  7:46  Widow Mine x2  
  107  7:47  SCV  
  107  7:49  Command Center  
  109  8:01  SCV x2  
  109  8:03  Factory x2  
  109  8:05  Cyclone  
  114  8:13  Widow Mine, SCV  
  114  8:14  SCV  
  114  8:18  Command Center  
  112  8:20  Starport, Widow Mine  
  112  8:21  Widow Mine  
  112  8:25  SCV  
  112  8:26  SCV  
  116  8:37  Engineering Bay  
  116  8:38  SCV x2, Widow Mine  
  120  8:47  Factory Reactor, Factory Tech Lab  
  120  8:50  SCV, Cyclone  
  120  8:55  Refinery x2  
  121  8:57  SCV  
  115  9:15  SCV  
Show
View Real Time Build Order
Export as new Build Order

IlIlIlIlIlIl Protoss 

Build Orders: 1 Gate Expand, Blink Stalkers 

Get SALT Encoding   

  12  0:00  Probe  
  13  0:12  Probe  
  14  0:17  Pylon  
  14  0:24  Probe (Chrono Boost)  
  15  0:36  Probe (Chrono Boost)  
  15  0:37  Gateway  
  16  0:44  Probe (Chrono Boost)  
  16  0:46  Assimilator  
  17  0:50  Probe  
  18  1:03  Probe  
  19  1:15  Probe  
  20  1:28  Cybernetics Core  
  21  1:35  Nexus  
  20  1:43  Pylon  
  20  1:45  Probe  
  21  1:51  Assimilator  
  21  1:58  Probe  
  22  2:03  Adept (Chrono Boost)  
  22  2:07  Warp Gate  
  24  2:10  Probe  
  25  2:22  Probe  
  26  2:23  Stalker (Chrono Boost)  
  28  2:34  Twilight Council  
  28  2:38  Probe  
  29  2:47  Probe  
  30  2:55  Shield Battery  
  30  3:00  Probe x2  
  30  3:03  Stalker (Chrono Boost)  
  30  3:04  Blink (Chrono Boost)  
  31  3:12  Probe x2  
  35  3:26  Probe  
  36  3:31  Probe  
  37  3:37  Gateway  
  37  3:38  Probe  
  37  3:39  Gateway  
  37  3:40  Pylon  
  38  3:43  Probe  
  39  3:51  Probe  
  40  3:56  Probe, Stalker  
  43  4:03  Probe, Pylon  
  43  4:08  Probe  
  45  4:12  Assimilator  
  45  4:15  Robotics Facility, Probe  
  45  4:17  Assimilator  
  46  4:21  Stalker  
  46  4:23  Probe  
  49  4:27  Probe  
  50  4:35  Stalker x2  
  54  4:42  Probe x2  
  54  4:44  Pylon  
  56  4:50  Stalker  
  58  4:54  Probe  
  58  4:55  Probe  
  60  5:00  Forge  
  60  5:04  Observer (Chrono Boost)  
  61  5:07  Robotics Bay  
  61  5:19  Stalker x3  
  65  5:24  Gateway, Observer  
  65  5:26  Probe x2  
  65  5:28  Pylon  
  68  5:41  Nexus  
  68  5:48  Observer (Chrono Boost)  
  69  5:54  Extended Thermal Lance  
  69  5:58  Robotics Facility, Probe x2  
  69  6:02  Stalker  
  73  6:07  Photon Cannon  
  73  6:09  Photon Cannon  
  73  6:11  Probe x2  
  75  6:14  Protoss Ground Weapons Level 1  
  75  6:22  Disruptor (Chrono Boost)  
  78  6:37  Pylon  
  78  6:52  Colossus (Chrono Boost)  
  78  6:53  Probe x2, Pylon  
  86  6:54  Disruptor (Chrono Boost)  
  86  6:55  Shield Battery x2  
  86  6:56  Shield Battery  
  89  7:03  Stalker x2  
  85  7:21  Stalker  
  79  7:29  Stalker x2  
  60  7:54  Stalker  
  60  7:55  Stalker x3  
  60  7:56  Observer (Chrono Boost)  
  62  8:08  Probe x3  
  65  8:19  Stalker x4  
  73  8:22  Disruptor (Chrono Boost)  
  76  8:37  Probe x2  
  76  8:40  Gateway  
  76  8:41  Gateway  
  78  8:47  Stalker x4  
  78  8:48  Pylon  
  64  9:10  Stalker x4  
Tags
 
Add a new tag
Caveats
  • Supply blocks, unpowered buildings, or Contaminate may cause inaccurate times.
  • Supply counts are checked every 10 seconds.